 Dungeon Crawl Stone Soup version 0.18-a0-629-g16988c9 (webtiles) character file.

6868 Proton the Blocker (level 11, 0/84 HPs)
             Began as a Formicid Fighter on Dec 4, 2015.
             Was the Champion of Cheibriados.
             Slain by a sun demon (9 damage)
             ... summoned by a kobold demonologist
             ... on level 9 of the Dungeon.
             The game lasted 00:17:01 (7369 turns).

Proton the Blocker (Formicid Fighter)               Turns: 7369, Time: 00:17:01

Health: 0/84       AC: 13    Str: 40    XL:     11   Next: 26%
Magic:  16/16      EV: 15    Int: 22    God:    Cheibriados [******]
Gold:   477        SH: 14    Dex: 25    Spells: 0 memorised, 10 levels left

rFire  + . .     SeeInvis +     D - +1 war axe (elec)
rCold  + . .     Clarity  .     G - +1 chain mail {rC+}
rNeg   + . .     SustAt   .     c - +0 shield
rPois  .         Gourm    .     (helmet unavailable)
rElec  .         Spirit   .     (no cloak)
rCorr  .         Dismiss  .     E - +0 pair of gloves
rMut   .         Stasis   +     (no boots)
MR     +....                    r - amulet of regeneration
Stlth  +.........               s - ring of positive energy
                                o - ring of protection from fire

@: very slow, somewhat resistant to hostile enchantments, very unstealthy
A: permanent stasis, dig shafts and tunnels, four strong arms, antennae 3,
blurry vision 1
a: Dig, Shaft Self, Bend Time, Temporal Distortion, Slouch, Step From Time,
Renounce Religion


You were on level 9 of the Dungeon.
You worshipped Cheibriados.
Cheibriados was exalted by your worship.
You were not hungry.

You visited 1 branch of the dungeon, and saw 9 of its levels.
You also visited: Ossuary.

You collected 477 gold pieces.

Inventory:

Hand Weapons
 D - a +1 war axe of electrocution (weapon)
 H - a +0 hand axe of flaming
Armour
 c - a +0 shield (worn)
 E - a +0 pair of gloves (worn)
 G - a +1 chain mail of cold resistance (worn)
Jewellery
 o - a ring of protection from fire (left hand)
 r - an amulet of regeneration (around neck)
 s - a ring of positive energy (right hand)
Scrolls
 g - 3 scrolls of amnesia {unknown}
 j - 5 scrolls of fog {unknown}
 k - a scroll of acquirement {unknown}
 m - 5 scrolls of immolation {unknown}
 n - 2 scrolls of blinking {unknown}
 p - 7 scrolls of remove curse
 u - a scroll of enchant armour {unknown}
 v - 2 scrolls of recharging {unknown}
 y - a scroll of noise {unknown}
 C - a scroll of fear
 F - a scroll of enchant weapon
Potions
 d - 3 potions of might
 i - 2 potions of flight
 t - a potion of heal wounds
 z - 6 potions of lignification
 A - a potion of curing
 B - 2 potions of agility
Comestibles
 b - a slice of pizza
 e - 6 bread rations
 f - 3 beef jerkies
 h - 3 meat rations
 w - 3 fruits
 x - 7 royal jellies


   Skills:
 + Level 7.4 Fighting
 + Level 6.6 Axes
 + Level 7.8 Armour
 + Level 6.1 Dodging
 - Level 7.4 Stealth
 + Level 8.4 Shields
 + Level 7.1 Invocations


You had 10 spell levels left.
You didn't know any spells.

Dungeon Overview and Level Annotations

Branches:
Dungeon (9/15)             Temple (0/1) D:4            Lair (0/8) D:9
    Orc: D:9-12

Altars:
Ashenzari
Cheibriados
Fedhas
Kikubaaqudgha
Makhleb
Okawaru
Xom
Zin
The Shining One


Innate Abilities, Weirdness & Mutations

You are under a permanent stasis effect.
You can dig through walls and to a lower floor.
Your four strong arms can wield two-handed weapons with a shield.
You have a pair of large antennae on your head (SInv).
Scrolls take you a little longer to read.


Message History

You are too injured to fight recklessly!
You are too injured to fight recklessly!
You are too injured to fight recklessly!
You are too injured to fight recklessly!
You are too injured to fight recklessly!
You slash the sun demon!
The sun demon is severely wounded.
You block the sun demon's attack.
You slash the sun demon!
The sun demon is severely wounded.
The sixfirhy disappears in a puff of smoke!
The sun demon hits you!
You are engulfed in flames.
You resist.
The kobold demonologist gestures wildly while chanting.
You block the sun demon's attack.
You hit the sun demon.
The sun demon is severely wounded.
The sun demon hits you!!
* * * LOW HITPOINT WARNING * * *
You are engulfed in flames!
You resist.
You die... #.......# ##.......## ####### ......... ....... .3..... ....... ..... ####### 55K

{#3# #@# #.# #.#.#
#.#.#######.#
####...........#
#.........##########
#..........##......####
#..........#.........##
#....................##


You could see 2 sun demons, a kobold demonologist, a shadow imp and an ufetubus.

Vanquished Creatures
  A hill giant (D:8)
  Pikel (D:8)
  Joseph (D:8)
  A kobold demonologist (D:9)
  A queen bee (D:8)
  A trapdoor spider zombie (D:9)
  2 wargs (D:9)
  2 slaves (D:8)
  2 sky beasts
  A wasp (D:7)
  5 orc warriors
  5 ogres
  5 necrophages (D:8)
  2 centaurs
  5 giant frogs
  2 crocodiles (D:8)
  A gnoll sergeant (D:9)
  An elf zombie (Ossuary)
  A water moccasin zombie (D:8)
  2 scorpions
  2 jellies (D:6)
  16 killer bees (D:8)
  2 hounds
  A human zombie (Ossuary)
  5 crimson imps
  An iguana (D:4)
  3 orc priests (D:9)
  A centaur skeleton (D:7)
  A centaur zombie (D:8)
  10 orc wizards
  7 worker ants
  2 big kobold zombies (Ossuary)
  4 mummies (Ossuary)
  2 hound skeletons
  2 hound zombies
  2 worker ant zombies
  6 gnolls
  15 adders
  3 shadow imps
  3 oozes
  2 adder zombies
  4 adder skeletons
  A giant gecko (D:3)
  25 orcs
  2 ball pythons
  5 bats
  5 giant cockroaches
  9 hobgoblins
  7 jackals
  12 kobolds
  3 quokkas
  A giant gecko skeleton (D:8)
  2 giant newts
  2 gnoll zombies (Ossuary)
  5 goblins
  A jackal skeleton (D:4)
  A kobold zombie (Ossuary)
  2 orc zombies (Ossuary)
  A quokka zombie (D:6)
  6 rats
  A rat zombie (Ossuary)
227 creatures vanquished.

Vanquished Creatures (others)
  2 slaves (D:8)
  A killer bee (D:8)
  A plant (D:8)
4 creatures vanquished.

Grand Total: 231 creatures vanquished

Notes
Turn   | Place    | Note
--------------------------------------------------------------
     0 | D:1      | Proton the Formicid Fighter began the quest for the Orb.
     0 | D:1      | Reached XP level 1. HP: 18/18 MP: 1/1
   241 | D:1      | Reached XP level 2. HP: 18/24 MP: 2/2
   757 | D:2      | Reached skill level 1 in Dodging
   772 | D:2      | Found a snail-covered altar of Cheibriados.
   776 | D:2      | Reached XP level 3. HP: 29/29 MP: 3/3
   785 | D:2      | Became a worshipper of Cheibriados the Contemplative
  1177 | D:2      | Reached XP level 4. HP: 3/36 MP: 4/4
  1516 | D:2      | Found an ancient bone altar of Kikubaaqudgha.
  1518 | D:2      | Found a blossoming altar of Fedhas.
  1520 | D:2      | Found a burning altar of Makhleb.
  1520 | D:2      | Found a shimmering altar of Xom.
  1521 | D:2      | Found an iron altar of Okawaru.
  1521 | D:2      | Found a glowing silver altar of Zin.
  1868 | D:3      | Reached * piety under Cheibriados
  1918 | D:3      | Reached skill level 4 in Shields
  2004 | D:3      | Reached XP level 5. HP: 34/42 MP: 5/5
  2011 | D:3      | Reached skill level 1 in Stealth
  2256 | D:3      | Reached ** piety under Cheibriados
  2404 | D:3      | Found a glowing golden altar of the Shining One.
  2633 | D:4      | Found a staircase to the Ecumenical Temple.
  2684 | D:4      | Reached skill level 1 in Invocations
  2684 | D:4      | Reached XP level 6. HP: 48/48 MP: 6/6
  3445 | D:4      | You fall through a shaft for 3 floors!
  3461 | D:7      | Reached XP level 7. HP: 54/54 MP: 8/8
  3609 | D:6      | Found a sand-covered staircase.
  3626 | Ossuary  | Entered an ossuary
  3637 | Ossuary  | Reached *** piety under Cheibriados
  3650 | Ossuary  | Reached skill level 5 in Shields
  3918 | D:6      | Reached XP level 8. HP: 61/61 MP: 10/10
  4081 | D:6      | Reached skill level 5 in Armour
  4103 | D:6      | Gained mutation: Your spells are a little easier to cast, but a little less powerful. [mutagenic meat]
  4104 | D:6      | Gained mutation: Your magical capacity is low (-10% MP). [mutagenic meat]
  4105 | D:6      | Gained mutation: You expend magic power (3 MP) to strengthen your wands. [mutagenic meat]
  4106 | D:6      | Gained mutation: You are agile. (Dex +2) [mutagenic meat]
  4108 | D:6      | Gained mutation: Your magical capacity is very low (-20% MP). [mutagenic meat]
  4351 | D:6      | Reached skill level 5 in Fighting
  4518 | D:6      | Reached **** piety under Cheibriados
  4544 | D:7      | Reached XP level 9. HP: 68/68 MP: 9/9
  4561 | D:5      | Entered Level 5 of the Dungeon
  4680 | D:5      | Found a shattered altar of Ashenzari.
  4885 | D:5      | Reached skill level 6 in Shields
  5378 | D:7      | Reached skill level 5 in Stealth
  5547 | D:7      | Reached skill level 5 in Invocations
  5685 | D:8      | Noticed Pikel
  5694 | D:8      | Killed Pikel
  5694 | D:8      | Reached skill level 5 in Axes
  5726 | D:8      | Reached ***** piety under Cheibriados
  5746 | D:8      | Gained mutation: Scrolls take you a little longer to read. [potion of mutation]
  5835 | D:8      | Found a blossoming altar of Fedhas.
  5869 | D:8      | Reached XP level 10. HP: 76/76 MP: 11/11
  6119 | D:8      | Reached skill level 7 in Shields
  6129 | D:8      | Reached skill level 5 in Dodging
  6705 | D:8      | Noticed Joseph
  6715 | D:8      | Killed Joseph
  6784 | D:8      | Noticed a hill giant
  6787 | D:8      | Killed a hill giant
  6858 | D:8      | Reached XP level 11. HP: 84/84 MP: 12/12
  6920 | D:9      | Reached skill level 8 in Shields
  7099 | D:9      | Found a staircase to the Lair.
  7167 | D:9      | Lost mutation: You expend magic power (3 MP) to strengthen your wands. [potion of cure mutation]
  7167 | D:9      | Lost mutation: Your spells are a little easier to cast, but a little less powerful. [potion of cure mutation]
  7167 | D:9      | Lost mutation: Your magical capacity is very low (-20% MP). [potion of cure mutation]
  7167 | D:9      | Lost mutation: You are agile. (Dex +2) [potion of cure mutation]
  7167 | D:9      | Lost mutation: Your magical capacity is low (-10% MP). [potion of cure mutation]
  7296 | D:9      | Reached ****** piety under Cheibriados
  7359 | D:9      | Noticed a sun demon
  7369 | D:9      | Noticed a sun demon
  7369 | D:9      | Slain by a sun demon

Vault maps used:
D:1:      dpeg_arrival_ternary, st_stairs_5
D:2:      grunt_temple_overflow_open, cheibriados_altar_1
D:3:      tso_oasis_becter
D:4:      minmay_temple_entry_statues_pillars, first_bread
D:5:      basic_altar, nicolae_zen_rock_garden
D:6:      enter_ossuary_3, grunt_tough_drop
D:7:      lemuel_ice_spiral_2
D:8:      david_nohive_1, fedhas_altar_decomposition, uniq_joseph, uniq_pikel
D:9:      erik_lair_orcish_takeover
Ossuary:  ossuary_minmay_tomb_2a

Action                   |  1- 3 |  4- 6 |  7- 9 | 10-12 || total
-------------------------+-------+-------+-------+-------++-------
Melee: War axe           |    87 |   165 |   273 |   225 ||   750
Invok: Slouch            |       |       |       |     1 ||     1
 Abil: Dig               |       |       |     1 |     1 ||     2
  Use: Potion            |     2 |       |     1 |     1 ||     4
       Scroll            |       |       |     8 |     4 ||    12
 Stab: Distracted        |       |       |     1 |       ||     1
  Eat: Pizza             |       |     2 |       |       ||     2
       Meat ration       |       |     1 |     1 |       ||     2
       Chunk             |       |       |     6 |       ||     6
       Fruit             |       |       |     2 |       ||     2
